 Dungeon Crawl Stone Soup version 0.27-b1-42-g19c61b19a5 (webtiles) character file.

Game seed: 5518945383753889313

4482 pikapanic the Basher (level 10, 0/81 HPs)
             Began as a Palentonga Fighter on July 29, 2021.
             Was a Follower of the Shining One.
             Slain by a spriggan (3 damage)
             ... on level 8 of the Dungeon.
             The game lasted 00:24:44 (7807 turns).

pikapanic the Basher (Palentonga Fighter)           Turns: 7807, Time: 00:24:45

Health: 0/81       AC: 22    Str: 22    XL:     10   Next: 16%
Magic:  10/10      EV:  2    Int:  7    God:    the Shining One [*.....]
Gold:   251        SH:  9    Dex: 10    Spells: 9/9 levels left

rFire    . . .     SeeInvis +   e - +4 whip (distort)
rCold    . . .     Faith    .   c - +0 kite shield
rNeg     . . .     Spirit   .   D - +1 plate armour
rPois    .         Reflect  .   (no helmet)
rElec    .         Harm     .   s - +0 cloak
rCorr    .         Rampage  .   F - +0 pair of gloves
Will     .....                  (no barding)
Stlth    ..........             (no amulet)
HPRegen  0.23/turn              (no ring)
MPRegen  0.12/turn              (no ring)

@: about to teleport, glowing, curled up
A: large, rugged brown scales 3, see invisible, deformed body, roll 1, armoured
tail, reflexive curl, hooves 1, dopey 1
a: Rolling Charge, Renounce Religion


You were on level 8 of the Dungeon.
You worshipped the Shining One.
The Shining One was aware of your devotion.
You visited 1 branch of the dungeon, and saw 8 of its levels.

You collected 251 gold pieces.

Inventory:

Hand Weapons
 a - a +0 long sword
 d - a +0 short sword
 e - a +4 whip of distortion (weapon)
 l - a +0 dagger of speed
 n - a +2 flail of draining
 p - a +1 dagger of venom
 u - a +0 dagger
 x - a +2 whip of freezing
 z - a +5 flail of protection
 E - a +3 dagger
Missiles
 G - 2 throwing nets
Armour
 b - a +0 scale mail
 c - a +0 kite shield (worn)
 h - a +0 chain mail
 s - a +0 cloak (worn)
 y - a +0 cloak
 A - a scarf of invisibility
 C - a +0 pair of gloves
 D - a +1 plate armour (worn)
 F - a +0 pair of gloves (worn)
Jewellery
 i - a ring of protection from fire
 L - an amulet of faith
 M - a ring of ice
Wands
 j - a wand of acid (8)
Scrolls
 k - a scroll of torment
 o - a scroll of silence
 v - a scroll of amnesia
 B - a scroll of teleportation
 H - a scroll of noise
 K - a scroll of identify
Potions
 f - 3 potions of degeneration
 g - 2 potions of lignification
 m - a potion of heal wounds {unknown}
 q - a potion of berserk rage {unknown}
 r - 2 potions of flight
 t - a potion of magic {unknown}
 w - 2 potions of cancellation
 I - a potion of resistance {unknown}
 J - a potion of ambrosia {unknown}


   Skills:
 + Level 6.2 Fighting
 - Level 2.0 Long Blades
 * Level 10.8 Maces & Flails
 + Level 7.4 Armour
 - Level 2.7 Shields


You had 9 spell levels left.
You didn't know any spells.
Your spell library contained the following spells:

 Spells                   Type           Power      Damage    Failure   Level
 Corona                   Hex            0%         N/A       100%        1
 Ensorcelled Hibernation  Hex/Ice        0%         N/A       100%        2
 Static Discharge         Conj/Air       0%         N/A       100%        2
 Stone Arrow              Conj/Erth      0%         3d7       100%        3
 Tukima's Dance           Hex            0%         N/A       100%        3
 Animate Armour           Summ/Erth      0%         N/A       100%        4
 Dispel Undead            Necr           0%         3d6       100%        4
 Sticky Flame             Conj/Fire      0%         2d3       100%        4
 Lehudib's Crystal Spear  Conj/Erth      0%         10d2      100%        8


Dungeon Overview and Level Annotations

Branches:
Dungeon (8/15)             Temple (0/1) D:6
   Lair: D:8-11

Altars:
Trog
Vehumet
Xom
Yredelemnul
Zin
The Shining One

Shops:
D:3 (

Annotations:
D:8 Gorgoleon's ghost, journeyman MfGl; Grum
Abyss:1 Crazy Yiuf


Innate Abilities, Weirdness & Mutations

You are completely covered in rugged brown scales. (AC +3, +7% HP)
You have supernaturally acute eyesight. (SInv)
Armour fits poorly on your strangely shaped body.
You can roll at nearby foes to attack.
You have a long armoured tail.
You curl defensively after being hit.
You have large cloven feet.
You are dopey. (Int -2)


Message History

You kill the wolf!
The spriggan hits you from afar with a +0 trident. x2
You block the spriggan's attack.
Gorgoleon's ghost whispers, "They're coming for you..."
The spriggan hits you with a +0 trident.
The spriggan hits you but does no damage.
There is an open translucent door, spattered with blood here.
You see here a wolf corpse.
You whack the spriggan!
Space bends around the spriggan.
Your kick misses the spriggan.
Your tail-slap misses the spriggan.
The spriggan is heavily wounded.
The spriggan hits you from afar with the +1 spear "Guxke" {holy, *Slow rPois Str+6 Dex+3}.
The spriggan hits you but does no damage. x2
You whack the spriggan! Your kick misses the spriggan.
The spriggan is almost dead.
The spriggan blinks!
The spriggan hits you but does no damage. x2
The spriggan hits you with a +0 trident!
The spriggan hits you but does no damage.
You closely miss the spriggan.
The spriggan is almost dead.
The spriggan hits you with a +0 trident!
Gorgoleon's ghost hits you!
You closely miss the spriggan. Your kick misses the spriggan.
The spriggan is almost dead.
The spriggan hits you but does no damage.
You block the spriggan's attack.
You hit the spriggan.
You kill the spriggan!
Gorgoleon's ghost hits you!
* * * LOW HITPOINT WARNING * * *
x2 The spriggan hits you from afar with a +0 trident.
* * * LOW HITPOINT WARNING * * *
The spriggan hits you from afar with the +1 spear "Guxke" {holy, *Slow rPois Str+6 Dex+3}.
* * * LOW HITPOINT WARNING * * *
As you read the scroll of teleportation, it crumbles to dust.
You feel strangely unstable. Gorgoleon's ghost hits you.
* * * LOW HITPOINT WARNING * * *
x2 The spriggan hits you from afar with a +0 trident.
You die...

.# #########
....# .#
...#... ....#
.#
#<.#####....#
.# #.......♣♣♣♣
.#
#..####.♣).♣♣♣♣
.#
#..####.#♣♣...♣
.# #.......8#.♣
.# #.####...#.♣
.# #.# #.)@Wi♣
.# #.#
##..#i..♣ .#
#.# #.8#..♣..♣
.# #.# #.#♣..♣
♣♣ .########.#
#.♣.♣♣♣
..........#
##♣♣
###########


You could see 2 spriggans and Gorgoleon's ghost.

Vanquished Creatures
  Pikel (D:4)
  A troll (D:7)
  A spriggan (D:8)
  5 yaks (D:8)
  A steam dragon (D:6)
  Menkaure (D:5)
  Edmund (D:4)
  3 water moccasins
  An orc warrior (D:8)
  2 ice beasts (D:7)
  A wolf (D:8)
  2 centaurs (D:7)
  A lemure (D:4)
  A phantom (D:3)
  Blork the orc (D:5)
  A kobold brigand (D:5)
  3 bullfrogs
  A scorpion (D:4)
  5 killer bees (D:7)
  5 howler monkeys
  A centaur zombie (D:8)
  A jelly (D:6)
  An orc priest (D:4)
  3 hounds
  A bullfrog skeleton (D:5)
  A centaur skeleton (D:6)
  2 iguanas
  Jessica (D:2)
  3 orc wizards
  Robin (D:2)
  A howler monkey skeleton (D:7)
  7 adders
  2 shadow imps (D:7)
  A white imp (D:7)
  An adder skeleton (D:4)
  2 dart slugs
  11 orcs
  9 bats
  4 endoplasms
  3 giant cockroaches
  7 goblins
  7 hobgoblins
  4 jackals (D:2)
  3 quokkas
  4 ball pythons
  3 frilled lizards
  20 kobolds
  9 rats
  A butterfly (D:6)
152 creatures vanquished.

Vanquished Creatures (others)
  8 plants
8 creatures vanquished.

Grand Total: 160 creatures vanquished

Notes
Turn   | Place    | Note
-------+----------+-------------------------------------------
     0 | D:1      | pikapanic the Palentonga Fighter began the quest for the
                  | Orb.
     0 | D:1      | Reached XP level 1. HP: 19/19 MP: 1/1
   103 | D:1      | Reached XP level 2. HP: 11/25 MP: 2/2
  1037 | D:2      | Reached XP level 3. HP: 31/31 MP: 3/3
  1037 | D:2      | Noticed Jessica
  1042 | D:2      | Killed Jessica
  1043 | D:2      | Reached skill level 1 in Maces & Flails
  1134 | D:2      | Noticed Robin
  1153 | D:2      | Killed Robin
  1154 | D:2      | Reached XP level 4. HP: 22/37 MP: 4/4
  1595 | D:2      | Reached skill level 2 in Maces & Flails
  1846 | D:2      | Found a faded altar of an unknown god.
  2003 | D:3      | Noticed a phantom
  2022 | D:3      | Killed a phantom
  2023 | D:3      | Reached skill level 3 in Maces & Flails
  2023 | D:3      | Reached XP level 5. HP: 20/43 MP: 5/5
  2366 | D:3      | Found Coapnec's Weapon Shoppe.
  2558 | D:3      | Found a runed translucent door.
  2559 | D:3      | Noticed Crazy Yiuf
  2805 | D:3      | Found a shimmering altar of Xom.
  2805 | D:3      | Noticed an angel
  2808 | D:3      | Found a glowing silver altar of Zin.
  2910 | D:3      | Banished Crazy Yiuf
  2911 | D:3      | Reached skill level 4 in Maces & Flails
  2973 | D:4      | Reached XP level 6. HP: 51/51 MP: 6/6
  3202 | D:4      | Found a glowing golden altar of the Shining One.
  3220 | D:4      | Became a worshipper of the Shining One
  3411 | D:4      | Noticed Pikel
  3417 | D:4      | Killed Pikel
  3418 | D:4      | Reached skill level 6 in Maces & Flails
  3418 | D:4      | Gained mutation: You curl defensively after being hit.
                  | [Palentonga growth]
  3418 | D:4      | Reached XP level 7. HP: 42/57 MP: 7/7
  3742 | D:4      | You fall into a shaft and drop 2 floors!
  3758 | D:5      | Entered Level 5 of the Dungeon
  3767 | D:5      | Reached XP level 8. HP: 47/65 MP: 8/8
  4135 | D:4      | Reached skill level 7 in Maces & Flails
  4208 | D:4      | Noticed Edmund
  4228 | D:4      | Killed Edmund
  4336 | D:5      | Noticed Menkaure
  4340 | D:5      | Killed Menkaure
  4341 | D:5      | Reached skill level 5 in Armour
  4660 | D:5      | Noticed Blork the orc
  4668 | D:5      | Killed Blork the orc
  4895 | D:5      | Reached skill level 8 in Maces & Flails
  5279 | D:6      | Found a staircase to the Ecumenical Temple.
  5536 | D:6      | Reached skill level 5 in Fighting
  5758 | D:6      | Found a basalt altar of Yredelemnul.
  5772 | D:6      | Found a bloodstained altar of Trog.
  5972 | D:7      | Reached XP level 9. HP: 65/72 MP: 9/9
  6062 | D:7      | Reached * piety under the Shining One
  6105 | D:7      | Found a radiant altar of Vehumet.
  6173 | D:7      | Noticed a troll
  6184 | D:7      | Reached skill level 9 in Maces & Flails
  6301 | D:7      | Killed a troll
  7130 | D:7      | Reached skill level 10 in Maces & Flails
  7348 | D:8      | Noticed Grum
  7374 | D:8      | Gained mutation: Your spells are a little harder to cast,
                  | but a little more powerful. [potion of mutation]
  7374 | D:8      | Gained mutation: Your system is resistant to poisons.
                  | (rPois) [potion of mutation]
  7375 | D:8      | Lost mutation: Your system is resistant to poisons. (rPois)
                  | [potion of mutation]
  7375 | D:8      | Lost mutation: Your spells are a little harder to cast, but
                  | a little more powerful. [potion of mutation]
  7375 | D:8      | Gained mutation: You are dopey. (Int -2) [potion of
                  | mutation]
  7375 | D:8      | Gained mutation: You have large cloven feet. [potion of
                  | mutation]
  7582 | D:8      | Reached XP level 10. HP: 65/81 MP: 10/10
  7784 | D:8      | Found a runed translucent door.
  7786 | D:8      | Noticed Gorgoleon's ghost (journeyman MfGl)
  7788 | D:8      | Identified the +1 spear "Guxke" {holy, *Slow rPois Str+6
                  | Dex+3}
  7807 | D:8      | HP: 4/81 [Gorgoleon's ghost (6)]
  7807 | D:8      | Slain by a spriggan

Illustrated notes

Levels and vault maps discovered:
D:1:      matt_arrival_los_fun, layout_rooms, dk_noncrumbling_4
D:2:      layout_rooms, shapermc_ecumenical_altar_petra, uniq_robin,
          uniq_jessica
D:3:      layout_basic, grunt_temple_overflow_order_and_chaos_1, serial_shops,
          nicolae_lakefront_shop, kennysheep_generic_room_16,
          uniq_crazy_yiuf_cottage
D:4:      layout_basic, mainiacjoe_overflow_tiny_flanked, dk_noncrumbling_2,
          uniq_pikel, uniq_edmund
D:5:      layout_rooms, lexackson_kobold_supper, uniq_blork_the_orc,
          uniq_menkaure
D:6:      layout_cave_pools, mainiacjoe_overflow_swirl,
          minmay_temple_entry_butterflies
D:7:      layout_basic, mainiacjoe_overflow_24_doors, minivault_26
D:8:      layout_basic, ebering_ghost_funeral_grove, uniq_grum, uniq_harold

Skill      XL: |  1  2  3  4  5  6  7  8  9 |
---------------+----------------------------+-----
Maces & Flails | 1 3 4 6 8 10 | 10.8
Armour         | 3 4 5 7 |  7.4
Fighting       | 4 5 6 |  6.2
Long Blades    | |  2.0
Shields        | |  2.7

Action                   |  1- 3 |  4- 6 |  7- 9 | 10-12 || total
-------------------------+-------+-------+-------+-------++-------
Melee: Long sword        |    39 |       |       |       ||    39
       Tailslap          |     7 |    11 |    25 |     3 ||    46
       Whip              |    31 |   142 |   204 |    23 ||   400
       Kick              |       |       |     7 |     5 ||    12
 Abil: Rolling Charge    |    17 |    21 |    39 |     2 ||    79
  Use: Scroll            |     2 |     5 |    14 |     1 ||    22
       Potion            |     1 |     1 |     3 |       ||     5
Armor: Scale mail        |    54 |       |       |       ||    54
       Chain mail        |    14 |    68 |    20 |       ||   102
       Plate armour      |       |       |    98 |    16 ||   114
Dodge: Dodged            |    23 |    18 |    17 |       ||    58
Block: Kite shield       |    58 |    44 |    82 |     7 ||   191
       Rpst.: Long sword |     5 |       |       |       ||     5
